 Dungeon Crawl Stone Soup version 0.31.0-11-ge490571c62 (webtiles) character file.

Game seed: 15218672257617708477

1206 qw the Nimble (level 8, -2/39 HPs)
             Began as a Spriggan Hunter on Feb 5, 2024.
             Was an Initiate of Okawaru.
             Slain by Edmund
             ... wielding a +4 heavy flail
              (9 damage)
             ... on level 5 of the Dungeon.
             The game lasted 00:00:32 (4292 turns).

qw the Nimble (Spriggan Hunter)                     Turns: 4292, Time: 00:00:33

Health: -2/39      AC:  2    Str:  7    XL:     8   Next: 21%
Magic:  9/9        EV: 27    Int:  8    God:    Okawaru [......]
Gold:   96         SH:  0    Dex: 27    Spells: 7/7 levels left

rFire   + . .        a - +1 shortbow
rCold   x . .        (shield currently unavailable)
rNeg    . . .        c - +0 robe
rPois   +            (helmet restricted)
rElec   +            (no cloak)
rCorr   .            (gloves unavailable)
SInv    +            (boots unavailable)
Will    +....        (no amulet)
Stlth   +++          e - ring "Ynycomo" {Fire rElec rPois Int-2 Dex+6}
HPRegen 0.26/turn    (no ring)
MPRegen 0.11/turn

%: no passive effects
@: very quick
A: very small, no large weapons, unfitting armour, see invisible, speed 3
a: Renounce Religion


You were on level 5 of the Dungeon.
You worshipped Okawaru.
Okawaru was noncommittal.
You visited 2 branches of the dungeon, and saw 6 of its levels.
You also visited: Ossuary.

You collected 184 gold pieces.
You spent 88 gold pieces at shops.


Innate Abilities, Weirdness & Mutations

You are very small and have problems with some larger weapons.
You are too small for most types of armour.
You have supernaturally acute eyesight. (SInv)
You cover ground extremely quickly. (Speed+++)


   Skills:
 + Level 2.1 Fighting
 - Level 8.0 Ranged Weapons
 - Level 9.2 Dodging
 - Level 1.5 Stealth


You had 7 spell levels left.
You didn't know any spells.
Your spell library was empty.

Inventory:

Hand Weapons
 a - a +1 shortbow (weapon)
Armour
 c - a +0 robe (worn)
Jewellery
 e - the ring "Ynycomo" (left hand) {Fire rElec rPois Int-2 Dex+6}
   (You acquired it on level 1 of the Dungeon)

   [ring of fire]

   Fire:      It enhances your fire magic.
   Int-2:     It affects your intelligence (-2).
   Dex+6:     It affects your dexterity (+6).
   rF+:       It protects you from fire.
   rC-:       It makes you vulnerable to cold.
   rElec:     It insulates you from electricity.
   rPois:     It protects you from poison
Wands
 d - a wand of mindburst (5)
Potions
 b - a potion of curing
 f - a potion of resistance
 g - 2 potions of might
 h - a potion of cancellation
 j - 2 potions of enlightenment

Dungeon Overview and Level Annotations

Branches:
Dungeon (5/15)             Temple (1/1) D:5         Ossuary (visited)

Altars:
Ashenzari
Cheibriados
Dithmenos
Elyvilon
Fedhas
Hepliaklqana
Kikubaaqudgha
Makhleb
Nemelex Xobeh
Okawaru
Ru
Trog
Uskayaw
Wu Jian
Xom
Yredelemnul

Shops:
D:4 *

Annotations:
D:5 Edmund


Message History

Edmund is lightly wounded.
You shoot an arrow.
The arrow hits Edmund but does no damage.
Edmund is lightly wounded.
Edmund misses you.
You shoot an arrow. The arrow barely misses Edmund.
Edmund hits you with a +4 heavy flail.
You shoot an arrow.
The arrow hits Edmund but does no damage.
Edmund is lightly wounded.
You shoot an arrow. The arrow closely misses Edmund.
Edmund closely misses you.
You shoot an arrow.
The arrow hits Edmund but does no damage.
Edmund is lightly wounded.
Edmund closely misses you.
You shoot an arrow. The arrow hits Edmund.
Edmund is lightly wounded.
You shoot an arrow. The arrow hits Edmund!
Edmund is moderately wounded.
Edmund completely misses you.
You shoot an arrow. The arrow barely misses Edmund.
Edmund closely misses you.
You shoot an arrow. The arrow barely misses Edmund.
You shoot an arrow. The arrow hits Edmund!
Edmund is heavily wounded.
Edmund hits you with a +4 heavy flail!!
Ouch! That really hurt!
You shoot an arrow. The arrow hits Edmund.
Edmund is severely wounded.
Edmund barely misses you.
You shoot an arrow.
The arrow hits Edmund but does no damage.
Edmund is severely wounded.
You shoot an arrow.
The arrow hits Edmund but does no damage.
Edmund is severely wounded.
Edmund hits you with a +4 heavy flail!
You die...
Edmund says, "I'd like to see a scythe do that!"

..##.....# ......#
.....#....#.#..# ...#.#
...............#.##.##..
.....#....#... .....#..
............... #..#.#
.....).....#...####....#
...........###...##.####
#....@...####...^####
#...@..#>..).........
#......#####.)).######.
#.##...# #...........
#...# #...######## #...#
#...# #...# #...# #...#
#...# #...# #####


You could see Edmund.

Vanquished Creatures
  2 black bears (D:4)
  An ogre (D:5)
  3 wights (Ossuary)
  A crimson imp (D:4)
  A bombardier beetle (D:4)
  3 spectral scorpions (Ossuary)
  3 jellies
  A gnoll bouda (D:5)
  2 centaur skeletons (Ossuary)
  A hound (D:4)
  2 sleepcaps (D:4)
  An iguana (D:5)
  A crocodile zombie (Ossuary)
  5 mummies (Ossuary)
  7 gnolls
  10 adders
  2 white imps
  4 dart slugs
  A ribbon worm (D:4)
  An orc (D:4)
  A bat (D:1)
  7 endoplasms
  2 giant cockroaches
  7 goblins
  8 hobgoblins
  4 kobolds
  A quokka (D:3)
  5 ball pythons
  5 frilled lizards
  A gnoll skeleton (Ossuary)
  A kobold skeleton (Ossuary)
  4 orc skeletons (Ossuary)
  7 rats
  A spectral hobgoblin (D:3)
  10 spectral rats (Ossuary)
116 creatures vanquished.

Notes
Turn   | Place    | Note
-------+----------+-------------------------------------------
     0 | D:1      | qw the Spriggan Hunter began the quest for the Orb.
     0 | D:1      | Reached XP level 1. HP: 10/10 MP: 2/2
     0 | D:1      | 0 ||| qw: Version: 0.3-a-160-g6735b56
     0 | D:1      | 0 ||| qw: Game counter: 6264
     0 | D:1      | 0 ||| qw: Melee chars always use a shield: true
     0 | D:1      | 0 ||| qw: God list: Okawaru
     0 | D:1      | 0 ||| qw: Allow faded altars: false
     0 | D:1      | 0 ||| qw: Do Orc after clearing Dungeon:15 true
     0 | D:1      | 0 ||| qw: Do second Lair branch before Depths: true
     0 | D:1      | 0 ||| qw: Lair rune preference: random
     0 | D:1      | 0 ||| qw: Goals: Normal
     0 | D:1      | 0 ||| PLANNING D:1-11
    38 | D:1      | Reached skill level 3 in Dodging
   188 | D:1      | Reached XP level 2. HP: 14/14 MP: 3/3
   354 | D:1      | Reached skill level 4 in Dodging
   519 | D:1      | Reached XP level 3. HP: 18/18 MP: 4/4
   889 | D:1      | 889 ||| READING 3 scrolls labelled SUCRIR PIHIP.
   890 | D:1      | 890 ||| READING scroll labelled JELICS XUNUX.
   991 | D:1      | 991 ||| READING scroll labelled FOUSKAKAOGH.
   991 | D:1      | 991 ||| IDENTIFYING fizzy orange potion
   992 | D:1      | 992 ||| READING scroll labelled CUXURR DUDGHOMI.
   992 | D:1      | Identified a scroll of acquirement
   992 | D:1      | 992 ||| ACQUIRING ring "Ynycomo" {Fire rElec rPois Int-2
                  | Dex+6}
   992 | D:1      | Acquired the ring "Ynycomo" {Fire rElec rPois Int-2 Dex+6}
   994 | D:1      | 994 ||| UPGRADING to ring "Ynycomo" {Fire rElec rPois Int-2
                  | Dex+6}.
   995 | D:1      | 995 ||| READING scroll labelled JOQEOX CO UNAAVI.
   995 | D:1      | 995 ||| ENCHANTING +0 shortbow.
   996 | D:1      | 996 ||| DROPPING scroll of butterflies.
   997 | D:1      | 997 ||| DROPPING 2 scrolls of blinking.
  1326 | D:2      | Reached skill level 5 in Dodging
  1374 | D:2      | Reached XP level 4. HP: 22/22 MP: 5/5
  1575 | D:2      | 1575 ||| READING scroll of identify.
  1575 | D:2      | 1575 ||| IDENTIFYING fizzy brown potion
  1576 | D:2      | 1576 ||| READING scroll labelled ETALLY NIUD.
  1577 | D:2      | 1577 ||| READING scroll labelled FUUS WA CEENU.
  1578 | D:2      | 1578 ||| READING scroll labelled WOAGHO ROICITTAILL.
  1579 | D:2      | 1579 ||| DRINKING 2 bubbling clear potions.
  1628 | D:2      | 1628 ||| DROPPING potion of lignification.
  1798 | D:3      | Found a faded altar of an unknown god.
  1940 | D:3      | Reached XP level 5. HP: 11/25 MP: 6/6
  2036 | D:3      | Reached skill level 6 in Dodging
  2309 | D:3      | 2309 ||| DROPPING +6 ring of intelligence.
  2310 | D:3      | 2310 ||| READING scroll labelled GODDAS JOOD.
  2311 | D:3      | 2311 ||| DRINKING 2 brown potions.
  2357 | D:4      | 2357 ||| PLANNING OSSUARY
  2362 | D:4      | Found Govuabemile's Assorted Antiques.
  2370 | D:4      | 2370 ||| BUYING clear potion (16 gold).
  2370 | D:4      | Bought a clear potion for 16 gold pieces
  2370 | D:4      | 2370 ||| BUYING runed fluorescent wand (72 gold).
  2370 | D:4      | Bought a runed fluorescent wand for 72 gold pieces
  2518 | D:4      | Found a sand-covered staircase.
  2519 | D:4      | 2519 ||| READING scroll of identify.
  2519 | D:4      | 2519 ||| IDENTIFYING silvery potion
  2520 | D:4      | 2520 ||| DRINKING 2 clear potions.
  2521 | D:4      | 2521 ||| DROPPING potion of degeneration.
  2530 | Ossuary  | Entered an ossuary
  2539 | Ossuary  | Reached XP level 6. HP: 27/30 MP: 7/7
  2672 | Ossuary  | HP: 5/29 [wight/+2 morningstar (7)]
  2673 | Ossuary  | 2673 ||| DRINKING potion of heal wounds.
  2676 | Ossuary  | Reached skill level 6 in Ranged Weapons
  2842 | Ossuary  | Reached skill level 7 in Dodging
  2911 | Ossuary  | Reached XP level 7. HP: 35/35 MP: 8/8
  2925 | Ossuary  | Found a basalt altar of Yredelemnul.
  2949 | Ossuary  | Reached skill level 8 in Dodging
  3060 | Ossuary  | 3060 ||| READING 2 scrolls of identify.
  3060 | Ossuary  | 3060 ||| IDENTIFYING lumpy brown potion
  3061 | Ossuary  | 3061 ||| READING scroll of identify.
  3061 | Ossuary  | 3061 ||| IDENTIFYING 2 smoky blue potions
  3062 | Ossuary  | 3062 ||| READING scroll labelled NANNEGRICIU.
  3063 | Ossuary  | 3063 ||| READING 2 scrolls labelled XINEAF POBRIRGH.
  3067 | Ossuary  | 3067 ||| DROPPING potion of invisibility.
  3081 | D:4      | 3081 ||| PLANNING D:1-11
  3543 | D:4      | 3543 ||| RETREEEEATING.
  3544 | D:4      | 3544 ||| RETREEEEATING.
  3975 | D:4      | 3975 ||| ZAPPING wand of mindburst (6) at 1,-1 (black bear;
                  | floor).
  3976 | D:4      | Reached skill level 9 in Dodging
  3976 | D:4      | Reached XP level 8. HP: 35/39 MP: 9/9
  4017 | D:4      | 4017 ||| DRINKING 2 blue potions.
  4039 | D:5      | Entered Level 5 of the Dungeon
  4082 | D:5      | HP: 8/39 [iguana (5)]
  4083 | D:5      | 4083 ||| READING scroll of teleportation.
  4084 | D:5      | 4084 ||| DRINKING potion of heal wounds.
  4127 | D:5      | Found a staircase to the Ecumenical Temple.
  4128 | D:5      | 4128 ||| PLANNING TEMPLE
  4133 | D:5      | Found the Hermit's Pendant {Faith Invo=14 Evo=0 MP+5}
  4136 | Temple   | Entered the Ecumenical Temple
  4137 | Temple   | 4137 ||| PLANNING OKAWARU WORSHIP
  4153 | Temple   | Became a worshipper of Warmaster Okawaru
  4154 | Temple   | 4154 ||| PLANNING D:1-11
  4268 | D:5      | Noticed Edmund
  4289 | D:5      | HP: 6/39 [Edmund/+4 heavy flail (23)]
  4292 | D:5      | Slain by Edmund

Levels and vault maps discovered:
D:1:      dpeg_arrival_windows_large_door, layout_basic, minmay_misc_feat_room,
          minmay_nonomino_d4
D:2:      layout_loops_ring, nrook_loot_triangle
D:3:      layout_loops_ring, dreamdust_ecumenical_altar_drowned_temple
D:4:      layout_loops_corners, serial_shops, nicolae_square_shop,
          mainiacjoe_ossuary_entry_dusty_tomb, minmay_fire_ice_demons
D:5:      layout_basic, minitemple, minmay_temple_entry_tees,
          serial_corexii_hall, corexii_hall_statues_l, corexii_hall_statues_l,
          nicolae_grassy_gnolls, uniq_edmund
Temple:   nicolae_temple_elliptical

Skill      XL: |  1  2  3  4  5  6  7  8 |
---------------+-------------------------+-----
Dodging        | 3 4 5 6 7 9 |  9.2
Ranged Weapons | 5 6 7 8 |  8.0
Fighting       | 2 |  2.1
Stealth        | |  1.5

Action                     |  1- 3 |  4- 6 |  7- 9 || total
---------------------------+-------+-------+-------++-------
   Fire: Shortbow          |   108 |   160 |   203 ||   471
  Evoke: Wand              |       |       |     1 ||     1
    Use: Scroll            |     5 |     6 |     5 ||    16
         Potion            |       |     4 |     2 ||     6
 Armour: Robe              |    14 |    12 |    20 ||    46
  Dodge: Dodged            |    38 |    68 |    97 ||   203

Table legend:
 A = Non-vault XP
 B = Vault XP
 C = Vault XP percentage of total XP
 D = Non-vault monster count
 E = Vault monster count
 F = Vault count percentage of total count
                 A         B        C        D         E       F
            +---------+---------+-------+---------+---------+-------
      Total |    1092 |     631 |  36.6 |      77 |      39 |  33.6
            +---------+---------+-------+---------+---------+-------
        D:1 |      35 |      14 |  28.6 |      23 |       6 |  20.7
        D:2 |      70 |       0 |   0.0 |      14 |       0 |   0.0
        D:3 |     154 |       1 |   0.6 |      13 |       1 |   7.1
        D:4 |     567 |      60 |   9.6 |      19 |       2 |   9.5
        D:5 |     266 |       0 |   0.0 |       8 |       0 |   0.0
    Ossuary |       0 |     556 | 100.0 |       0 |      30 | 100.0
            +---------+---------+-------+---------+---------+-------
